 Dungeon Crawl Stone Soup version 0.23.2-1-ga50397a (webtiles) character file.

Game seed: 16919416231039463045

3254 xveg the Slinger (level 10, -10/72 HPs)
             Began as a Halfling Hunter on May 9, 2019.
             Mangled by an orc warrior
             ... wielding a +0 halberd
              (21 damage)
             ... on level 7 of the Dungeon.
             The game lasted 00:16:49 (6977 turns).

xveg the Slinger (Halfling Hunter)                  Turns: 6977, Time: 00:16:50

Health: -10/72     AC:  7    Str: 16    XL:     10   Next: 19%
Magic:  19/19      EV: 16    Int:  9    God:
Gold:   479        SH:  0    Dex: 16    Spells: 9/9 levels left

rFire    + + .     SeeInvis .   a - +2 hunting sling
rCold    + . .     Gourm    .   (shield restricted)
rNeg     . . .     Faith    .   z - +3 leather armour {rF+}
rPois    +         Spirit   .   t - +0 helmet
rElec    .         Reflect  .   j - scarf {rC+ rF+}
rCorr    .         Harm     .   (no gloves)
MR       .....                  (no boots)
Stlth    ++........             (no amulet)
HPRegen  0.22/turn              h - ring of poison resistance
MPRegen  0.16/turn              C - ring of magical power

@: lightly drained
A: small, mutation resistance 1
a: no special abilities


You were on level 7 of the Dungeon.
You were hungry.

You visited 1 branch of the dungeon, and saw 7 of its levels.
You also visited: Sewer.

You collected 479 gold pieces.

Inventory:

Hand Weapons
 a - a +2 hunting sling (weapon)
 b - a +0 short sword
 d - a +1 short sword of holy wrath
 x - a +0 hand crossbow
Missiles
 e - 312 stones (quivered)
 n - 15 bolts
 q - 81 arrows
 D - 7 needles of sleeping
 E - 5 javelins of returning
Armour
 c - a +0 leather armour
 j - a scarf of resistance (worn)
 r - a +0 leather armour of cold resistance
 t - a +0 helmet (worn)
 w - a +0 cloak
 y - a +1 chain mail of cold resistance
 z - a +3 leather armour of fire resistance (worn)
Jewellery
 h - a ring of poison resistance (left hand)
 C - a ring of magical power (right hand)
 J - a cursed -3 ring of strength
Wands
 A - a wand of flame (12)
 B - a wand of scattershot (3)
 F - a wand of random effects (22)
Scrolls
 i - 3 scrolls of remove curse
 k - a scroll of noise
 l - 6 scrolls of identify
 u - 2 scrolls of fog
 v - a scroll of amnesia
Potions
 g - 2 potions of degeneration {unknown}
 m - 7 potions of curing {unknown}
 o - a potion of might {unknown}
 p - a potion of heal wounds
 s - 5 potions of flight {unknown}
 H - 2 potions of agility {unknown}
 I - 2 potions of cancellation {unknown}
Comestibles
 f - 11 rations


   Skills:
 + Level 7.7(7.6) Fighting
 + Level 14.3(14.2) Slings
 + Level 3.4(3.3) Armour
 + Level 3.9(3.8) Dodging
 + Level 2.3(2.2) Stealth


You had 9 spell levels left.
You didn't know any spells.
Your spell library was empty.

Dungeon Overview and Level Annotations

Branches:
Dungeon (7/15)
 Temple: D:4-7

Altars:
Makhleb
Vehumet
Xom

Shops:
D:5 %:*


Innate Abilities, Weirdness & Mutations

You are small and have problems with some larger weapons.
You are somewhat resistant to further mutation.


Message History

The stone hits the orc warrior but does no damage.
The orc warrior is heavily wounded.
The quokka closely misses you.
The orc warrior hits you from afar with a +0 halberd!
Firing (i - inventory)
e - 314 stones (quivered)
Press: ? - help, Shift-Dir - straight line, f/p - orc warrior
Aim: an orc warrior, wielding a +0 halberd and wearing a +0 plate armour (heavily wounded)
You shoot a stone. The stone hits the orc warrior!
The orc warrior is severely wounded.
The quokka closely misses you.
Firing (i - inventory)
e - 313 stones (quivered)
Press: ? - help, Shift-Dir - straight line, f/p - orc warrior
Aim: an orc warrior, wielding a +0 halberd and wearing a +0 plate armour (severely wounded)
You shoot a stone. The stone hits the orc warrior.
The orc warrior is almost dead.
The orc priest invokes the aid of Beogh against you.
Beogh smites you!
* * * LOW HITPOINT WARNING * * *
The orc warrior hits you from afar with a +0 halberd!!
You die...

## ([> (( (. . oF
#( h# #.### h# .
#.(.###o####..
#...###<#.(.......
....((([..@.......
((..#((..##r......
#.....#.## .......
...(..... ..>....
8#....... .......
.(........ .......
#......(.. ..%....
......)..........#


You could see an orc warrior, a bullfrog, an orc priest, a quokka and 2 jackals.

Vanquished Creatures
  An ice beast (D:6)
  4 phantoms
  2 ogres
  2 centaurs (D:6)
  5 big kobolds
  3 bullfrogs
  A gnoll sergeant (D:6)
  A water moccasin zombie (D:6)
  3 scorpions
  13 wights
  An electric eel (D:6)
  A howler monkey (D:6)
  A bullfrog zombie (D:5)
  4 crimson imps
  2 orc wizards
  A gnoll shaman (D:6)
  2 orc priests (D:6)
  Crazy Yiuf (D:4)
  6 hounds
  A bullfrog skeleton (D:4)
  2 iguanas
  2 worker ants (D:5)
  A worker ant zombie (D:7)
  Robin (D:3)
  8 adders
  10 gnolls
  A howler monkey skeleton (D:5)
  A river rat (Sewer)
  2 oozes
  5 worms
  6 dart slugs
  9 leopard geckos
  21 orcs
  3 ball pythons
  5 bats
  4 giant cockroaches
  16 goblins
  18 hobgoblins
  7 jackals
  3 quokkas
  13 frilled lizards
  20 kobolds
  16 rats
229 creatures vanquished.

Vanquished Creatures (others)
  11 plants (D:6)
11 creatures vanquished.

Grand Total: 240 creatures vanquished

Notes
Turn   | Place    | Note
-------+----------+-------------------------------------------
     0 | D:1      | xveg the Halfling Hunter began the quest for the Orb.
     0 | D:1      | Reached XP level 1. HP: 14/14 MP: 1/1
    61 | D:1      | Reached skill level 6 in Slings
   106 | D:1      | Reached XP level 2. HP: 19/19 MP: 2/2
   224 | D:1      | Reached XP level 3. HP: 22/24 MP: 3/3
   304 | D:1      | Reached skill level 7 in Slings
   667 | D:2      | Reached XP level 4. HP: 30/30 MP: 4/4
   946 | D:2      | Found a faded altar of an unknown god.
   966 | D:2      | Reached skill level 1 in Armour
  1121 | D:2      | Reached XP level 5. HP: 35/35 MP: 5/5
  1520 | D:3      | Reached skill level 8 in Slings
  1658 | D:3      | Noticed Robin
  1678 | D:3      | Killed Robin
  1830 | D:3      | Reached XP level 6. HP: 35/42 MP: 6/6
  1949 | D:3      | Found a shimmering altar of Xom.
  2636 | D:4      | Reached skill level 9 in Slings
  2773 | D:4      | Found a runed translucent door.
  2774 | D:4      | Noticed Crazy Yiuf
  2822 | D:4      | Noticed a phantom
  2835 | D:4      | Killed a phantom
  2835 | D:4      | Reached XP level 7. HP: 46/46 MP: 7/7
  3208 | D:4      | Killed Crazy Yiuf
  3297 | D:5      | Entered Level 5 of the Dungeon
  3310 | D:5      | Found Cism's Book Emporium.
  3347 | D:5      | Reached skill level 10 in Slings
  3488 | D:5      | Found Quca's Food Shop.
  3671 | D:5      | Found Janef's General Store.
  3718 | D:5      | Reached XP level 8. HP: 54/54 MP: 8/8
  3968 | D:5      | Found a glowing drain.
  3977 | D:5      | Reached skill level 11 in Slings
  4015 | Sewer    | Entered a sewer
  4148 | Sewer    | Found a white marble altar of Elyvilon.
  4886 | D:6      | Reached skill level 12 in Slings
  4920 | D:6      | Found a radiant altar of Vehumet.
  5117 | D:6      | Reached skill level 5 in Fighting
  5224 | D:6      | Reached XP level 9. HP: 61/61 MP: 9/9
  5406 | D:6      | Reached skill level 13 in Slings
  5619 | D:6      | Found a burning altar of Makhleb.
  6395 | D:6      | Reached XP level 10. HP: 25/71 MP: 10/10
  6681 | D:6      | Reached skill level 14 in Slings
  6977 | D:7      | Mangled by an orc warrior

Skill      XL: |  1  2  3  4  5  6  7  8  9 10 |
---------------+-------------------------------+-----
Slings         | 6 7 8 9 10 12 13 14 | 14.3
Fighting       | 2 3 4 5 7 |  7.7
Armour         | 1 2 3 |  3.4
Dodging        | 3 |  3.9
Stealth        | 2 |  2.3

Action                   |  1- 3 |  4- 6 |  7- 9 | 10-12 || total
-------------------------+-------+-------+-------+-------++-------
 Fire: Hunting sling     |    76 |   256 |   485 |    95 ||   912
Evoke: Wand              |       |       |     1 |       ||     1
  Use: Potion            |       |     1 |       |     1 ||     2
       Scroll            |       |       |    11 |       ||    11
  Eat: Chunk             |       |     3 |       |       ||     3
       Ration            |       |     2 |     2 |       ||     4
Armor: Leather armour    |     7 |    22 |    37 |    14 ||    80
Dodge: Dodged            |    46 |    77 |   111 |    37 ||   271
